 Dungeon Crawl Stone Soup version 0.24.0-3-g28a8eb0610 (webtiles) character file.

Game seed: 5505163420905450825, levelgen mode: deterministic

205624 xeno23 the Warrior (level 18, 0/266 HPs)
             Began as an Ogre Conjurer on Oct 31, 2019.
             Was the Champion of Okawaru.
             Slain by a sea snake (7 damage)
             ... on level 3 of the Shoals on Nov 1, 2019.
             The game lasted 04:37:40 (43579 turns).

xeno23 the Warrior (Ogre Conjurer)                 Turns: 43579, Time: 04:37:40

Health: 0/266      AC: 27    Str: 23 (29) XL:     18   Next: 69%
Magic:  23/29      EV: 15    Int: 17 (18) God:    Okawaru [******]
Gold:   1800       SH:  0    Dex: 11 (14) Spells: 24/37 levels left

rFire    . . .     SeeInvis .   K - +3 giant club "Skullcrusher" {speed, Str+7}
rCold    . . .     Gourm    .   (shield currently unavailable)
rNeg     + . .     Faith    .   (armour currently unavailable)
rPois    ∞         Spirit   .   O - +1 hat of Misanthropy {+Blink rElec Dex+2}
rElec    +         Reflect  .   T - +1 cloak {+Inv}
rCorr    .         Harm     .   (gloves unavailable)
MR       +....                  (boots unavailable)
Stlth    ++........             e - amulet of the acrobat
HPRegen  0.54/turn              t - +3 ring of evasion
MPRegen  0.21/turn              z - +2 ring of evasion

@: statue-form, very slow
A: large, unfitting armour, agile 1, clever 1, low mp 1
}: 1/15 runes: gossamer
a: End Transformation, Heroism, Finesse, Renounce Religion, Evoke Blink, Evoke
Invisibility


You were on level 3 of the Shoals.
You worshipped Okawaru.
Okawaru was exalted by your worship.
You were very hungry.
You were a stone statue.
You visited 6 branches of the dungeon, and saw 31 of its levels.
You also visited: Bailey and Volcano.

You collected 3087 gold pieces.
You spent 1287 gold pieces at shops.

Inventory:

Hand Weapons
 K - the +3 giant club "Skullcrusher" (weapon) {speed, Str+7}
   (You bought it in a shop on level 2 of the Shoals)

   Attacks with this weapon are significantly faster.
   It affects your strength (+7).
 V - the +7 morningstar "Thing" {flame, rElec rPois Int+4}
   (Okawaru gifted it to you on level 2 of the Lair of Beasts)

   It has been specially enchanted to burn those struck by it, causing extra
   injury to most foes and up to half again as much damage against particularly
   susceptible opponents.
   It affects your intelligence (+4).
   It insulates you from electricity.
   It protects you from poison.
 Z - the +4 demon whip of Lomisat {pain, -Tele rF+ MR++ MP+9}
   (Okawaru gifted it to you on level 12 of the Dungeon)

   In the hands of one skilled in necromantic magic, it inflicts extra damage on
   living creatures.
   It protects you from fire.
   It affects your resistance to hostile enchantments.
   It affects your magic capacity (+9).
   It prevents most forms of teleportation.
Missiles
 I - 5 large rocks (quivered)
Armour
 G - a +0 troll leather armour (melded)
 M - a +0 shield of protection
 O - the +1 hat of Misanthropy (worn) {+Blink rElec Dex+2}
   (Okawaru gifted it to you on level 10 of the Dungeon)

   It affects your dexterity (+2).
   It insulates you from electricity.
   It lets you blink.
 T - a +1 cloak of invisibility (worn)
Jewellery
 e - an amulet of the acrobat (around neck)
 t - a +3 ring of evasion (left hand)
 u - an uncursed ring of protection from fire
 z - a +2 ring of evasion (right hand)
 Q - an uncursed ring of protection from cold
 Y - an uncursed ring of poison resistance
Wands
 m - a wand of acid (4)
 H - a wand of disintegration (14)
 J - a wand of clouds (4)
 R - a wand of paralysis (20)
 S - a wand of iceblast (5)
Scrolls
 b - a scroll of torment {unknown}
 f - 3 scrolls of enchant armour
 i - 4 scrolls of magic mapping
 k - 4 scrolls of fog
 n - 4 scrolls of enchant weapon
 p - 6 scrolls of fear
 r - 5 scrolls of amnesia
 w - a scroll of brand weapon {unknown}
 y - 2 scrolls of teleportation
 B - 3 scrolls of random uselessness {unknown}
 D - 2 scrolls of vulnerability {unknown}
 F - 5 scrolls of immolation
 P - 13 scrolls of remove curse
 X - 2 scrolls of summoning {unknown}
Potions
 a - 2 potions of resistance
 d - 3 potions of cancellation
 h - 3 potions of ambrosia
 l - 6 potions of agility
 o - a potion of mutation
 q - 3 potions of haste
 s - 9 potions of brilliance
 A - 3 potions of flight
 C - 2 potions of curing
 E - 5 potions of magic
 N - 5 potions of berserk rage
 U - 3 potions of might
 W - 2 potions of invisibility
Miscellaneous
 g - a phial of floods (inert)
 L - a box of beasts
Comestibles
 c - 43 rations


   Skills:
 + Level 18.3 Fighting
   Level 2.5(10.7) Axes
 * Level 14.4(14.5) Maces & Flails
 - Level 1.7 Dodging
 - Level 1.4 Stealth
 - Level 8.3 Shields
 - Level 10.3 Spellcasting
 - Level 12.2 Conjurations
 - Level 5.0 Translocations
 * Level 9.0 Transmutations
 * Level 8.9 Earth Magic
 - Level 10.0 Invocations
 - Level 5.0 Evocations


You had 24 spell levels left.
You knew the following spells:

 Your Spells              Type           Power        Failure   Level  Hunger
a - Magic Dart            Conj           ####         1%          1    None
b - Statue Form           Tmut/Erth      #####....    32%         6    ######.
g - Blink                 Tloc           N/A          1%          2    None
q - Iskenderun's Mystic   Conj           ######..     1%          4    ###....

Your spell library contained the following spells:

 Spells                   Type           Power        Failure   Level  Hunger
 Beastly Appendage        Tmut           #####.       1%          1    None
 Sting                    Conj/Pois      ####         1%          1    None
 Searing Ray              Conj           ######       1%          2    None
 Sticks to Snakes         Tmut           #####...     1%          2    None
 Throw Frost              Conj/Ice       ####..       1%          2    None
 Dazzling Spray           Conj/Hex       ####..       1%          3    None
 Static Discharge         Conj/Air       ####....     1%          3    None
 Force Lance              Conj/Tloc      #####...     2%          4    ###....
 Gell's Gravitas          Tloc           ####......   3%          3    None
 Lesser Beckoning         Tloc           ####......   3%          3    None
 Teleport Other           Tloc           ####....     3%          3    None
 Irradiate                Conj/Tmut      #####.....   3%          5    #####..
 Shroud of Golubria       Chrm/Tloc      ###...       4%          2    None
 Mephitic Cloud           Conj/Pois/Air  ###.....     4%          3    None
 Spider Form              Tmut/Pois      ###.......   4%          3    None
 Blade Hands              Tmut           #####.....   6%          5    #####..
 Fulminant Prism          Conj/Hex       ####......   7%          4    ###....
 Throw Icicle             Conj/Ice       ####....     7%          4    ###....
 Freeze                   Ice            #...         9%          1    None
 Summon Small Mammal      Summ           #...         9%          1    None
 Passage of Golubria      Tloc           N/A          11%         4    ###....
 Call Imp                 Summ           #.......     13%         2    None
 Poisonous Vapours        Pois/Air       #.....       13%         2    None
 Ice Form                 Ice/Tmut       ###.....     13%         4    ###....
 Lightning Bolt           Conj/Air       ####......   19%         5    #####..
 Venom Bolt               Conj/Pois      ####......   19%         5    #####..
 Call Canine Familiar     Summ           #.......     26%         3    None
 Ozocubu's Armour         Chrm/Ice       #.......     26%         3    None
 Summon Guardian Golem    Hex/Summ       #.......     26%         3    None
 Hydra Form               Tmut           #####.....   32%         6    ######.
 Olgreb's Toxic Radiance  Pois           #.......     63%         4    ###....
 Summon Ice Beast         Ice/Summ       #.......     63%         4    ###....
 Summon Lightning Spire   Summ/Air       #.......     63%         4    ###....
 Conjure Ball Lightning   Conj/Air       ####......   71%         6    ######.
 Poison Arrow             Conj/Pois      ####......   71%         6    ######.
 Dragon Form              Tmut           #####.....   87%         7    #######
 Silence                  Hex/Air        #.........   93%         5    #####..
 Deflect Missiles         Chrm/Air       #.........   100%        6    ######.
 Chain Lightning          Conj/Air       ####......   100%        8    #######
 Ignition                 Fire           #.........   100%        8    #######
 Lehudib's Crystal Spear  Conj/Erth      #####.....   100%        8    #######
 Fire Storm               Conj/Fire      ####......   100%        9    #######
 Glaciate                 Conj/Ice       ####......   100%        9    #######
 Shatter                  Erth           #####.....   100%        9    #######
 Tornado                  Air            #.........   100%        9    #######


Dungeon Overview and Level Annotations

Branches:
Dungeon (14/15)            Temple (1/1) D:5            Lair (6/6) D:10
 Shoals (4/4) Lair:2       Spider (4/4) Lair:2        Slime (0/5) Lair:6
    Orc (2/2) D:12            Elf (0/3) Orc:2        Vaults (0/5) D:14
 Bailey (visited)         Volcano (visited)

Altars:
Ashenzari
Cheibriados
Dithmenos
Elyvilon
Fedhas
Gozag
Hepliaklqana
Kikubaaqudgha
Makhleb
Nemelex Xobeh
Okawaru
Qazlal
Ru
Sif Muna
Trog
Uskayaw
Vehumet
Wu Jian
Xom
Yredelemnul
Zin
The Shining One
Beogh

Shops:
D:4 (   D:6 %   D:8 *   Orc:2 (:[(   Shoals:2 (

Annotations:
D:9 3 runed translucent doors, 1 exclusion, Finguili's ghost, novice VSAs; H0rd4k's ghost, journeyman HuAr; Mrkan's ghost, novice TrNe; alive's ghost, journeyman HuTm; ponobo's ghost, novice DrCj
Lair:2 Frances


Innate Abilities, Weirdness & Mutations

You are too large for most types of armour.
((You have tough skin. (AC +1)))
You are agile. (Dex +2)
Your mind is acute. (Int +2)
Your magical capacity is low. (-10% MP)


Message History

The merfolk shouts!
A merfolk comes into view. It is wielding a +0 trident.
The merfolk shouts!
A merfolk javelineer comes into view. It is wielding a +2 spear of venom.
The merfolk throws a boomerang.
The boomerang barely misses you.
The weapon returns to the merfolk!
The merfolk siren chants a haunting song.
You resist with almost no effort.
The merfolk throws a boomerang.
The boomerang hits you but does no damage.
The weapon returns to the merfolk!
A sea snake comes into view.
The merfolk javelineer throws a silver javelin.
The silver javelin misses you.
The silver javelin pierces through the sea snake!
The merfolk throws a boomerang.
The boomerang hits you!
* * * LOW HITPOINT WARNING * * *
The weapon returns to the merfolk!
The sea snake bites you!
* * * LOW HITPOINT WARNING * * *
The sea snake bites you!
You die...

≈≈≈≈≈m≈≈≈≈≈≈≈≈≈
≈≈≈≈≈≈≈[≈≈≈≈≈≈≈
≈≈≈m≈≈≈≈≈≈m≈≈≈≈
≈≈≈≈≈≈≈≈≈≈≈≈≈≈≈
≈≈≈≈≈....m≈.≈≈≈≈≈
≈≈≈≈.....^..≈≈≈≈≈
≈≈≈≈........≈≈≈≈≈
≈≈≈≈≈
≈≈≈≈.k...8≈≈≈≈≈≈≈
≈≈≈≈≈
≈≈≈≈≈....SS≈≈≈≈≈≈
≈≈≈≈≈
≈≈≈≈∩≈..(≈≈≈≈≈≈≈≈
≈≈≈≈≈
≈≈≈≈≈≈.≈≈≈≈≈≈≈≈≈≈
≈≈≈≈≈
≈≈≈≈≈≈≈§≈m≈≈≈≈≈≈≈
≈≈≈≈≈
≈≈≈≈≈≈≈≈≈≈≈≈≈≈≈≈≈
≈≈≈≈≈
≈≈≈≈≈≈≈≈≈≈≈≈≈≈≈≈≈
≈≈≈≈≈≈
≈≈≈≈≈≈≈≈≈≈≈≈≈≈≈≈≈
≈≈≈≈≈≈≈≈≈≈≈≈≈≈≈≈≈≈≈≈≈≈


You could see a merfolk javelineer, 2 sea snakes, a wind drake, 3 merfolk and a
merfolk siren.

Vanquished Creatures
  Nikola (Shoals:1)
  Arachne (Spider:2)
  Rupert (D:14)
  The ghost of demivan the Severer, a journeyman DDFi of Makhleb (Orc:2)
  Kirke (D:14)
  5 ghost moths
  Aizul (Shoals:1)
  Louise (Spider:1)
  6 emperor scorpions
  A stone giant (Volcano)
  6 entropy weavers
  Nessos (Lair:6)
  A minotaur (Orc:2)
  3 merfolk javelineers
  2 spark wasps (Spider:4)
  An ettin (Orc:2)
  Josephine (D:12)
  A merfolk impaler (Shoals:2)
  Fannar (D:10)
  4 vault guards (D:14)
  8 hydras
  2 merfolk avatars
  2 catoblepae
  A centaur warrior (D:13)
  10 two-headed ogres
  A merfolk aquamancer (Shoals:4)
  A queen ant (Spider:2)
  3 death yaks (Lair:6)
  2 unseen horrors
  10 orc knights
  2 sea snakes (Shoals:1)
  9 harpies
  26 orb spiders
  3 deep elf magi (D:12)
  2 oklob plants (Lair:6)
  5 fauns
  2 orc sorcerers
  5 ugly things
  37 wolf spiders
  7 manticores
  A cyclops (Orc:2)
  3 moths of wrath
  A centaur zombie (D:13)
  2 elephants (Lair:6)
  6 black mambas
  5 merfolk sirens
  12 spiny frogs
  A water nymph (Shoals:4)
  A torpor snail (Spider:2)
  A gargoyle (Volcano)
  15 demonic crawlers
  3 rime drakes (Lair:4)
  7 komodo dragons
  2 efreet
  A tengu conjurer (D:14)
  5 trolls
  2 meliai (D:14)
  18 merfolk
  8 hornets
  44 jumping spiders
  14 polar bears
  3 snapping turtles (Shoals:2)
  3 blink frogs (Lair:2)
  A wind drake (Shoals:4)
  5 raiju (Lair:6)
  4 slime creatures (D:11)
  14 hippogriffs
  A meliai zombie (D:10)
  4 dream sheep (Lair:6)
  83 redbacks
  2 shadows
  A vampire (D:13)
  A spriggan (D:12)
  4 wraiths
  4 wyverns
  Sigmund (D:2)
  38 yaks
  5 water elementals
  23 tarantellas
  4 hogs (D:14)
  A human (D:14)
  A basilisk (Lair:1)
  Eustachio (D:3)
  A fire elemental (Volcano)
  10 fire bats (Volcano)
  4 hungry ghosts
  2 steam dragons
  8 vampire mosquitoes
  3 soldier ants
  12 water moccasins
  14 wargs
  10 hell hounds (Lair:6)
  An acid dragon (D:12)
  13 porcupines
  Duvessa (D:5)
  48 orc warriors
  7 ice beasts
  3 sky beasts
  11 black bears (Lair:6)
  A hornet zombie (D:13)
  3 phantoms
  7 ogres
  A necrophage (D:12)
  37 wolves
  6 centaurs
  11 crocodiles
  2 big kobolds (D:11)
  10 bullfrogs
  A wyvern zombie (D:8)
  Dowan (D:5)
  An earth elemental (Volcano)
  33 scorpions
  10 killer bees (D:13)
  7 wights
  7 electric eels
  A vampire bat (Lair:3)
  6 crimson imps
  2 bullfrog zombies
  5 howler monkeys
  5 jellies
  6 lava snakes (Volcano)
  10 hounds
  28 orc wizards
  A bullfrog skeleton (D:6)
  13 orc priests
  10 centaur skeletons
  An iguana (D:9)
  15 worker ants
  Terence (D:3)
  A centaur simulacrum (D:9)
  A hound zombie (D:9)
  A hound skeleton (D:4)
  Robin (D:4)
  8 gnolls
  8 adders
  3 shadow imps
  3 white imps (D:9)
  3 worms
  A dart slug (D:3)
  6 leopard geckos
  155 orcs
  20 bats
  6 giant cockroaches
  25 goblins
  12 hobgoblins
  9 jackals
  21 kobolds
  3 quokkas
  2 ball pythons
  5 frilled lizards
  A jackal skeleton (D:4)
  A jackal zombie (D:6)
  A leopard gecko skeleton (D:7)
  A quokka skeleton (D:8)
  7 rats
  2 plants
  2 toadstools (D:1)
1233 creatures vanquished.

Vanquished Creatures (collateral kills)
  A wizard (D:14)
  An orb spider (Spider:1)
  A deep elf mage (D:14)
  A demonic crawler (Spider:4)
  2 jumping spiders
  A redback (Spider:3)
7 creatures vanquished.

Vanquished Creatures (others)
  An orc high priest (Orc:2)
  2 jumping spiders (Spider:3)
  A meliai (D:14)
  2 redbacks
  A tarantella (Spider:4)
  A yak (D:13)
  An orc (Orc:2)
  5 fungi
  17 plants
  2 toadstools (D:1)
33 creatures vanquished.

Grand Total: 1273 creatures vanquished

Notes
Turn   | Place    | Note
-------+----------+-------------------------------------------
     0 | D:1      | xeno23 the Ogre Conjurer began the quest for the Orb.
     0 | D:1      | Reached XP level 1. HP: 16/16 MP: 3/3
   315 | D:1      | Reached skill level 1 in Fighting
   323 | D:1      | Reached XP level 2. HP: 24/27 MP: 0/5
   849 | D:2      | Reached skill level 2 in Fighting
   849 | D:2      | Reached XP level 3. HP: 29/36 MP: 0/7
   855 | D:2      | Found an ornate altar of the Wu Jian Council.
   957 | D:2      | Reached XP level 4. HP: 30/44 MP: 1/8
  1022 | D:2      | Noticed Sigmund
  1092 | D:2      | Found a faded altar of an unknown god.
  1100 | D:2      | Reached skill level 3 in Fighting
  1242 | D:2      | Found an iron altar of Okawaru.
  1400 | D:3      | Learned a level 4 spell: Iskenderun's Mystic Blast
  1467 | D:3      | Reached skill level 1 in Axes
  1543 | D:3      | Reached XP level 5. HP: 48/53 MP: 5/9
  1871 | D:3      | Noticed Terence
  1890 | D:3      | Killed Terence
  2404 | D:4      | Reached skill level 4 in Fighting
  2406 | D:4      | Found Peolivyzo's Weapon Shop.
  2422 | D:4      | Reached XP level 6. HP: 62/62 MP: 3/11
  2611 | D:4      | Noticed Robin
  2673 | D:4      | Got a smoking flail
  2717 | D:4      | Killed Robin
  2723 | D:4      | Identified the +11 flail of Palayqem {venom, +Rage rC+
                  | Dex-2 Stlth+} (You found it on level 4 of the Dungeon)
  2786 | D:4      | Reached skill level 5 in Conjurations
  2824 | D:4      | Noticed Eustachio
  3010 | D:4      | Reached skill level 5 in Fighting
  3010 | D:4      | Reached XP level 7. HP: 45/72 MP: 5/12
  3356 | D:2      | Killed Sigmund
  3356 | D:2      | Reached skill level 1 in Maces & Flails
  3540 | D:5      | Entered Level 5 of the Dungeon
  3566 | D:5      | Found a staircase to the Ecumenical Temple.
  3577 | Temple   | Entered the Ecumenical Temple
  3672 | Temple   | Became a worshipper of Warmaster Okawaru
  4438 | D:5      | Noticed Duvessa
  4441 | D:5      | Noticed Dowan
  4447 | D:5      | Killed Duvessa
  4447 | D:5      | Reached skill level 6 in Fighting
  4449 | D:5      | Killed Dowan
  4449 | D:5      | Reached XP level 8. HP: 58/84 MP: 1/14
  4568 | D:5      | Reached * piety under Okawaru
  4919 | D:3      | Killed Eustachio
  5012 | D:6      | Reached skill level 7 in Fighting
  5125 | D:6      | Found Mitrer's Food Shoppe.
  5382 | D:6      | Reached skill level 5 in Spellcasting
  6024 | D:7      | Reached XP level 9. HP: 73/96 MP: 5/16
  6099 | D:7      | Reached ** piety under Okawaru
  6099 | D:7      | Reached skill level 8 in Fighting
  6460 | D:7      | Reached skill level 1 in Invocations
  6657 | D:8      | Reached skill level 1 in Evocations
  6893 | D:8      | Found Seifoi's General Store.
  6901 | D:8      | Bought a scroll of teleportation for 45 gold pieces
  6901 | D:8      | Bought a scroll of identify for 30 gold pieces
  7133 | D:8      | Reached skill level 5 in Maces & Flails
  7187 | D:8      | Reached *** piety under Okawaru
  7190 | D:8      | Reached skill level 9 in Fighting
  7192 | D:8      | Reached skill level 1 in Shields
  7528 | D:9      | Noticed a polar bear
  7546 | D:9      | Found a flagged portal.
  7555 | Bailey   | Entered a bailey
  8117 | Bailey   | Noticed an orc knight
  8244 | Bailey   | Noticed an orc knight
  8988 | Bailey   | Killed an orc knight
  8988 | Bailey   | Reached **** piety under Okawaru
  8988 | Bailey   | Reached XP level 10. HP: 107/107 MP: 17/19
  9011 | Bailey   | Killed an orc knight
  9912 | D:9      | Reached skill level 10 in Fighting
  9915 | D:9      | Reached ***** piety under Okawaru
 10761 | D:9      | Found a runed translucent gate.
 10761 | D:9      | Found a runed translucent gate.
 10761 | D:9      | Found a runed translucent gate.
 10763 | D:9      | Noticed Finguili's ghost (novice VSAs)
 10764 | D:9      | Noticed H0rd4k's ghost (journeyman HuAr)
 10764 | D:9      | Noticed ponobo's ghost (novice DrCj)
 10764 | D:9      | Noticed alive's ghost (journeyman HuTm)
 10764 | D:9      | Noticed Mrkan's ghost (novice TrNe)
 10809 | D:9      | Noticed a two-headed ogre
 11184 | D:9      | Killed a two-headed ogre
 11184 | D:9      | Reached XP level 11. HP: 119/119 MP: 3/21
 11389 | D:10     | Entered Level 10 of the Dungeon
 11389 | D:10     | Noticed Fannar
 12971 | D:10     | Killed Fannar
 13171 | D:10     | Noticed a two-headed ogre
 13218 | D:10     | Killed a two-headed ogre
 13218 | D:10     | Reached skill level 11 in Fighting
 13294 | D:10     | Received a gift from Okawaru
 13297 | D:10     | Got a bloodstained hat {god gift}
 13303 | D:10     | Identified the +1 hat of Misanthropy {+Blink rElec Dex+2}
                  | (Okawaru gifted it to you on level 10 of the Dungeon)
 13426 | D:10     | Reached skill level 5 in Shields
 13433 | D:10     | Found a staircase to the Lair.
 13680 | Lair:1   | Entered Level 1 of the Lair of Beasts
 13680 | Lair:1   | Noticed a seven-headed hydra
 13688 | Lair:1   | Killed a seven-headed hydra
 14451 | Lair:2   | Reached skill level 5 in Invocations
 14451 | Lair:2   | Reached XP level 12. HP: 120/130 MP: 9/23
 14661 | Lair:2   | Found a staircase to the Shoals.
 14738 | Lair:2   | Found a hole to the Spider Nest.
 15004 | Lair:2   | Noticed a five-headed hydra
 15013 | Lair:2   | Killed a five-headed hydra
 15013 | Lair:2   | Received a gift from Okawaru
 15016 | Lair:2   | Got a warped morningstar {god gift}
 15301 | Lair:2   | Reached skill level 12 in Fighting
 16063 | Lair:3   | Received a gift from Okawaru
 16191 | Lair:3   | HP: 6/133 [poisoned by a spiny frog]
 16196 | Lair:3   | HP: 3/133 [poisoned by a spiny frog]
 16201 | Lair:3   | HP: 1/133 [poisoned by a spiny frog]
 17132 | Lair:4   | Found a dark tunnel.
 17136 | Lair:4   | Identified the +7 morningstar "Thing" {flame, rElec rPois
                  | Int+4} (Okawaru gifted it to you on level 2 of the Lair of
                  | Beasts)
 17170 | Volcano  | Entered a volcano
 17436 | Volcano  | Reached XP level 13. HP: 135/141 MP: 2/25
 17445 | Volcano  | Reached skill level 10 in Conjurations
 17654 | Volcano  | Found a bloodstained altar of Trog.
 17657 | Volcano  | Noticed a stone giant
 17700 | Volcano  | Killed a stone giant
 17941 | Lair:4   | Learned a level 2 spell: Blink
 18048 | Lair:4   | Reached skill level 13 in Fighting
 18354 | Lair:4   | Found a glowing golden altar of the Shining One.
 19372 | Lair:6   | Entered Level 6 of the Lair of Beasts
 19725 | Lair:6   | Reached ****** piety under Okawaru
 19727 | Lair:6   | Reached skill level 5 in Evocations
 19788 | Lair:6   | Found a staircase to the Slime Pits.
 20023 | Lair:6   | Received a gift from Okawaru
 20451 | Lair:6   | Noticed Nessos
 20469 | Lair:6   | Killed Nessos
 20469 | Lair:6   | Reached XP level 14. HP: 116/154 MP: 27/27
 20689 | Lair:6   | Reached skill level 14 in Fighting
 20837 | Lair:6   | Reached skill level 1 in Translocations
 21365 | Lair:6   | Received a gift from Okawaru
 21366 | Lair:6   | Reached skill level 10 in Maces & Flails
 22165 | Lair:6   | Received a gift from Okawaru
 22451 | Lair:6   | Received a gift from Okawaru
 22589 | Lair:6   | Upgraded the game from 0.24.0-2-g5b39cebb1c to
                  | 0.24.0-3-g28a8eb0610
 23066 | D:11     | Got an encrusted dagger
 23069 | D:11     | Identified the +9 dagger of Famine {pierce, +Rage MR+ MP+9}
                  | (You found it on level 11 of the Dungeon)
 24146 | D:12     | Reached skill level 15 in Fighting
 24287 | D:12     | Reached XP level 15. HP: 167/167 MP: 28/28
 24447 | D:12     | Learned a level 6 spell: Statue Form
 24721 | D:12     | Received a gift from Okawaru
 24724 | D:12     | Got a polished demon whip {god gift}
 24726 | D:12     | Identified the +4 demon whip of Lomisat {pain, -Tele rF+
                  | MR++ MP+9} (Okawaru gifted it to you on level 12 of the
                  | Dungeon)
 24822 | D:12     | Noticed Josephine
 24834 | D:12     | Killed Josephine
 24834 | D:12     | Reached skill level 10 in Spellcasting
 24970 | D:12     | Found a staircase to the Orcish Mines.
 24975 | Orc:1    | Entered Level 1 of the Orcish Mines
 25136 | Orc:1    | Found a roughly hewn altar of Beogh.
 25337 | Orc:2    | Entered Level 2 of the Orcish Mines
 25377 | Orc:2    | Paralysed by an orc sorcerer for 4 turns
 25473 | Orc:2    | Reached skill level 5 in Translocations
 25545 | Orc:2    | Found Cedorot's Armour Emporium.
 25545 | Orc:2    | Found Xoixob's Weapon Shop.
 25799 | Orc:2    | Received a gift from Okawaru
 25939 | Orc:2    | Found a roughly hewn altar of Beogh.
 25981 | Orc:2    | Found Vezix's Book Shop.
 25981 | Orc:2    | Found Hiprout's Antique Weapon Emporium.
 26063 | Orc:2    | Found a runed translucent gate.
 26064 | Orc:2    | Found a runed translucent gate.
 26065 | Orc:2    | Found a runed translucent gate.
 26115 | Orc:2    | Gained mutation: You are weak. (Str -2) [a neqoxec]
 26379 | Orc:2    | Found a staircase to the Elven Halls.
 26472 | Orc:2    | Noticed demivan's ghost (journeyman DDFi)
 26588 | Orc:2    | Killed demivan's ghost
 26834 | D:13     | Found a basalt altar of Yredelemnul.
 27122 | D:13     | Reached skill level 16 in Fighting
 27581 | D:14     | Noticed Kirke
 27632 | D:14     | Killed Kirke
 27799 | D:14     | Reached XP level 16. HP: 53/180 MP: 20/30
 27824 | D:14     | Noticed Rupert
 28023 | D:14     | Killed Rupert
 28102 | D:14     | Received a gift from Okawaru
 28106 | D:14     | Got a fabulously ornate robe {god gift}
 28119 | D:14     | Identified the +2 robe of the Blessed Realm {*Contam rF-
                  | Dex+4 Slay+2} (Okawaru gifted it to you on level 14 of the
                  | Dungeon)
 28172 | D:14     | Gained mutation: Your magical capacity is low. (-10% MP)
                  | [mutagenic glow]
 28429 | D:14     | Found a gate to the Vaults.
 28677 | Spider:1 | Entered Level 1 of the Spider Nest
 28972 | Spider:1 | Reached skill level 1 in Transmutations
 28980 | Spider:1 | Reached skill level 1 in Earth Magic
 29440 | Spider:1 | Noticed Louise
 29827 | Spider:1 | Killed Louise
 30161 | Spider:1 | You fall into a shaft and drop 1 floor!
 30231 | Spider:2 | Reached skill level 10 in Invocations
 30406 | Spider:1 | Noticed Frances
 30417 | Spider:1 | Reached skill level 17 in Fighting
 31288 | Spider:1 | Received a gift from Okawaru
 31809 | Spider:2 | Noticed Arachne
 32037 | Spider:2 | Killed Arachne
 32037 | Spider:2 | Reached XP level 17. HP: 56/191 MP: 3/28
 32357 | Spider:2 | Got a pitted dagger
 32358 | Spider:2 | Identified the +4 dagger "Refiumua" {pierce, rElec} (You
                  | found it on level 2 of the Spider Nest)
 32486 | Spider:2 | Reached skill level 5 in Transmutations
 32633 | Spider:2 | Reached skill level 5 in Earth Magic
 35330 | Spider:3 | Received a gift from Okawaru
 36355 | Spider:4 | Entered Level 4 of the Spider Nest
 36363 | Spider:4 | Received a gift from Okawaru
 37844 | Spider:4 | Got a dazzling long sword
 37869 | Spider:4 | Identified the +6 long sword of Ruination {venom, *Drain
                  | rPois rN+++ Str+2 Dex+4} (You found it on level 4 of the
                  | Spider Nest)
 38092 | Spider:4 | Received a gift from Okawaru
 38092 | Spider:4 | Reached XP level 18. HP: 76/202 MP: 0/29
 38854 | Spider:4 | Reached skill level 18 in Fighting
 39726 | Spider:4 | Got a gossamer rune of Zot
 39844 | Shoals:1 | Entered Level 1 of the Shoals
 39875 | Shoals:1 | Noticed Nikola
 39897 | Shoals:1 | Killed Nikola
 39964 | Shoals:1 | Noticed Aizul
 39994 | Shoals:1 | Killed Aizul
 40695 | Shoals:1 | Received a gift from Okawaru
 40896 | Shoals:2 | Lost mutation: You are weak. (Str -2) [potion of mutation]
 40896 | Shoals:2 | Lost mutation: Your magical capacity is low. (-10% MP)
                  | [potion of mutation]
 40896 | Shoals:2 | Gained mutation: Your magical capacity is low. (-10% MP)
                  | [potion of mutation]
 40896 | Shoals:2 | Gained mutation: Your mind is acute. (Int +2) [potion of
                  | mutation]
 40896 | Shoals:2 | Gained mutation: You are agile. (Dex +2) [potion of
                  | mutation]
 41403 | Shoals:2 | Found Kycougim's Antique Weapon Shop.
 41461 | Shoals:2 | Bought the +3 giant club "Skullcrusher" {speed, Str+7} for
                  | 1212 gold pieces
 41461 | Shoals:2 | Found the +3 giant club "Skullcrusher" {speed, Str+7}
 42264 | Shoals:4 | Entered Level 4 of the Shoals
 43214 | Shoals:3 | Received a gift from Okawaru
 43579 | Shoals:3 | HP: 7/266 [sea snake (12)]
 43579 | Shoals:3 | Slain by a sea snake

Levels and vault maps discovered:
D:1:      ldierk_water_garden, layout_basic
D:2:      layout_rooms, nicolae_overflow_crystal_walls,
          chequers_ecumenical_altar_island, serial_park_tiny_2,
          okawaru_metal_pillars_1_2, uniq_sigmund
D:3:      layout_basic, hex_tiny, kennysheep_generic_room_14, uniq_terence
D:4:      layout_cave_pools, serial_shops, shop, first_ration, uniq_robin,
          uniq_eustachio
D:5:      layout_gridville, minmay_temple_entry_wispy, cheibrodos_gnoll_hut,
          uniq_duvessa
D:6:      layout_basic, serial_shops, nicolae_shop_crystal
D:7:      layout_gridville
D:8:      layout_gridville, serial_shops, shop
D:9:      layout_cave_pools, gammafunk_ghost_cemetery, serial_ice, serial_ice_j,
          serial_ice_e, serial_ice_d, serial_ice_b, serial_ice_f, serial_ice_m,
          serial_ice_h, serial_ice_o, enter_bailey_3
D:10:     layout_cross, erik_lair_orcish_takeover, serial_column_ruins,
          column_ruins_hut_ruined, column_ruins_square_small,
          column_ruins_columns_straight, column_ruins_open_tiny,
          column_ruins_open_small_water, column_ruins_open_medium, uniq_fannar
D:11:     layout_rooms
D:12:     layout_irregular_city, hiddenorc1_lemuel, hangedman_stone_soup,
          minmay_fractal_squares_gapless_7, uniq_josephine
D:13:     layout_loops_cross, basic_altar
D:14:     layout_basic, grunt_vaults_entry_fortified, minivault_23, uniq_kirke,
          uniq_rupert
Temple:   kilobyte_greek_temple
Lair:1:   layout_regular_city, serial_bayou_pond_d,
          chequers_serial_rivers_large_a, st_stairs_5
Lair:2:   layout_roguey, minmay_shoals_entry_beasts,
          nicolae_spider_entry_orb_guardian, grunt_megastairs_2
Lair:3:   layout_regular_city, roderic_batcave
Lair:4:   layout_big_grid, nicolae_volcano_entry_s_turn,
          portal_ice_cave_entry_animals_and_master, basic_altar,
          infiniplex_staircase_pool_2
Lair:5:   layout_cave_shapes, grunt_megastairs_3
Lair:6:   hangedman_lair_in_review, layout_hall_layers,
          hangedman_lair_caniforms_friends, slime_dummy, lemuel_fruit_tree,
          minmay_lair_oklob_chamber, grunt_megastairs_1, uniq_nessos
Shoals:1: layout_shoals, uniq_nikola, uniq_aizul
Shoals:2: layout_shoals, serial_shops, shop
Shoals:3: layout_shoals, abandoned_shop
Shoals:4: shoals_end_hangedman, layout_shoals
Spider:1: layout_spider_delve, uniq_louise, uniq_frances
Spider:2: layout_spider_delve, nicolae_spider_ant_collections, uniq_arachne
Spider:3: spiders_nest_a
Spider:4: spider_rune_water, drop_trap
Orc:1:    layout_caves, nicolae_orc_lost_temple
Orc:2:    st_orc_town, layout_caves, maelrawn_ghost_gauntlet_escape

Skill      XL: |  1  2  3  4  5  6  7  8  9 10 11 12 13 14 15 16 17 18 |
---------------+-------------------------------------------------------+-----
Fighting       | 1 2 3 4 5 6 7 9 10 11 12 13 15 16 17 18 | 18.3
Spellcasting   | 3 4 5 6 7 8 9 10 | 10.3
Conjurations   | 4 5 6 7 8 9 10 11 12 | 12.2
Axes           | 1 2 |  2.5
Maces & Flails | 2 4 5 6 7 8 9 10 11 12 13 14 | 14.4
Invocations    | 2 3 5 6 7 8 9 10 | 10.0
Evocations     | 1 2 3 4 5 |  5.0
Shields        | 2 4 5 6 7 8 |  8.3
Translocations | 4 5 |  5.0
Transmutations | 4 7 9 |  9.0
Earth Magic    | 4 7 8 |  8.9
Dodging        | |  1.7
Stealth        | |  1.4

Action                   |  1- 3 |  4- 6 |  7- 9 | 10-12 | 13-15 | 16-18 || total
-------------------------+-------+-------+-------+-------+-------+-------++-------
Melee: Short sword       |    44 |       |       |       |       |       ||    44
       Unarmed           |     7 |       |       |       |       |       ||     7
       War axe           |       |   102 |       |       |       |       ||   102
       Flail             |       |     6 |   149 |   351 |   524 |       ||  1030
       Trident           |       |       |       |    11 |       |       ||    11
       Morningstar       |       |       |       |     3 |   816 |  1203 ||  2022
       Demon whip        |       |       |       |       |       |    28 ||    28
       Giant club        |       |       |       |       |       |   163 ||   163
Throw: Dart              |       |     6 |       |       |       |       ||     6
 Cast: Magic Dart        |    45 |   164 |   346 |   280 |   202 |   174 ||  1211
       Iskenderun's Myst |       |       |    22 |    95 |   104 |   313 ||   534
       Blink             |       |       |       |       |     7 |    82 ||    89
       Statue Form       |       |       |       |       |       |     1 ||     1
Invok: Heroism           |       |       |       |     4 |    22 |    28 ||    54
       Finesse           |       |       |       |     2 |     2 |     3 ||     7
 Abil: Evoke Berserk Rag |       |       |       |    10 |    21 |       ||    31
       Evoke Blink       |       |       |       |     1 |     1 |     4 ||     6
       Evoke Invisibilit |       |       |       |       |       |    20 ||    20
Evoke: Wand              |       |       |     8 |     3 |     1 |    46 ||    58
       Phial of floods   |       |       |       |       |     1 |     5 ||     6
       Lamp of fire      |       |       |       |       |       |     1 ||     1
  Use: Scroll            |       |     2 |     6 |    11 |     6 |    16 ||    41
       Potion            |       |       |     2 |     1 |     1 |    12 ||    16
 Stab: Sleeping          |       |     1 |       |     2 |     3 |     1 ||     7
       Paralysed         |       |       |       |       |     5 |    13 ||    18
       Distracted        |       |       |       |       |     1 |       ||     1
       Invisible         |       |       |       |       |       |    39 ||    39
       Held in net/web   |       |       |       |       |       |     1 ||     1
  Eat: Chunk             |       |     7 |    16 |    32 |    52 |    40 ||   147
       Ration            |       |       |     3 |     5 |     3 |    11 ||    22
Armor: Robe              |    18 |    44 |    67 |   126 |   158 |       ||   413
       Troll leather arm |       |       |       |       |   166 |   594 ||   760
       Skin              |       |       |       |       |       |    31 ||    31
Dodge: Dodged            |    31 |   106 |   125 |   178 |   589 |  1244 ||  2273
Block: Shield            |       |       |    28 |   183 |   690 |   948 ||  1849
